 Dungeon Crawl Stone Soup version 0.20.1-1-g8b1a95d (webtiles) character file.

1540 Lenrir59 the Cleaver (level 8, -6/71 HPs)
             Began as a Minotaur Berserker on Oct 20, 2017.
             Was an Elder of Trog.
             Mangled by Duvessa
             ... wielding a +0 short sword of venom
              (8 damage)
             ... on level 6 of the Dungeon.
             The game lasted 00:58:38 (6772 turns).

Lenrir59 the Cleaver (Minotaur Berserker)           Turns: 6772, Time: 00:58:39

Health: -6/71      AC:  1    Str: 24      XL:     8   Next: 56%
Magic:  7/7        EV: 11    Int:  7      God:    Trog [****..]
Gold:   315        SH: 10    Dex:  8 (10) Spells: 7/7 levels left

rFire    . . .     SeeInvis .   B - +0 hand axe (flame)
rCold    . . .     Gourm    .   m - +0 shield
rNeg     . . .     Faith    .   (no armour)
rPois    .         Spirit   .   (helmet restricted)
rElec    .         Reflect  .   P - +0 cloak {+Inv}
rCorr    .         Harm     .   (no gloves)
MR       .....                  (no boots)
Stlth    +.........             z - amulet of rage
Regen    0.3/turn               l - +3 ring of intelligence
MPRegen  0.1/turn               n - ring of wizardry

@: lethally poisoned (-6 -> -48), about to teleport, drained
A: retaliatory headbutt, horns 2
a: Berserk, Trog's Hand, Brothers in Arms, Burn Spellbooks, Renounce Religion,
Evoke Berserk Rage, Evoke Invisibility


You were on level 6 of the Dungeon.
You worshipped Trog.
Trog was greatly pleased with you.
You were not hungry.

You visited 2 branches of the dungeon, and saw 7 of its levels.

You collected 315 gold pieces.

Inventory:

Hand Weapons
 e - a +0 halberd of protection
 o - a +0 great sword
 B - a +0 hand axe of flaming (weapon)
 I - a +1 flail of protection
 O - a +2 quarterstaff of chaos
 Q - a +0 mace
Missiles
 a - 5 needles of confusion
 j - 34 poisoned needles
 p - 94 stones
 D - 38 sling bullets (quivered)
Armour
 m - a +0 shield (worn)
 u - a +2 leather armour of fire resistance
 v - a cursed +0 robe
 E - a +1 chain mail
 P - a +0 cloak of invisibility (worn)
Jewellery
 l - a +3 ring of intelligence (left hand)
 n - a ring of wizardry (right hand)
 z - an amulet of rage (around neck)
Wands
 L - a wand of flame (28/48)
Scrolls
 b - a scroll of blinking
 q - 6 scrolls of teleportation
 S - a scroll of enchant weapon
 U - a scroll of fog
Potions
 d - a potion of agility
 i - a potion of curing
 r - 2 potions of cancellation
 s - a potion of degeneration
 t - 3 potions of brilliance
Comestibles
 c - 7 bread rations
 f - a mutagenic chunk of flesh
 g - 2 royal jellies
 h - 3 fruits
 k - 4 chunks of flesh
 x - a meat ration


   Skills:
 + Level 6.3(5.8) Fighting
 + Level 8.2(7.8) Axes
 + Level 1.6(4.9) Maces & Flails
 + Level 5.5(5.0) Armour
 + Level 4.1(3.6) Dodging
 + Level 2.1(1.7) Stealth
 + Level 5.1(4.6) Shields


You had 7 spell levels left.
You didn't know any spells.

Dungeon Overview and Level Annotations

Branches:
Dungeon (6/15)             Temple (1/1) D:5

Altars:
Ashenzari
Cheibriados
Dithmenos
Fedhas
Gozag
Hepliaklqana
Kikubaaqudgha
Makhleb
Nemelex Xobeh
Okawaru
Qazlal
Ru
Sif Muna
Trog
Uskayaw
Vehumet
Xom
Yredelemnul
Zin
The Shining One

Annotations:
D:6 Dowan, Duvessa


Innate Abilities, Weirdness & Mutations

You reflexively headbutt those who attack you in melee.
You have a pair of horns on your head.


Message History

You feel sick.
Duvessa hits you with a short sword of venom!
* * * LOW HITPOINT WARNING * * *
You are more poisoned.
You closely miss Duvessa. Your headbutt misses Duvessa.
Duvessa is heavily wounded.
* * * LOW HITPOINT WARNING * * *
You feel very sick.
Duvessa hits you with a short sword of venom.
* * * LOW HITPOINT WARNING * * *
You are more poisoned.
Dowan mumbles some strange words.
Dowan blinks!
Okay, then.
As you read the scroll of teleportation, it crumbles to dust.
You feel strangely unstable.
* * * LOW HITPOINT WARNING * * *
You feel very sick.
Duvessa hits you with a short sword of venom!
You die...

#...........#
#.........
#.........#.###
#..............
#.........####..
#.........# .).#
#.........# .# ..
#....e.§..###.##..
#####.#e###...#...
#.#@##........
#.#.#.......#
#.#.#.......#
#e#......>..#
#e##.......##
#####.##.#.....##
#.....)[.÷......#
###...............#
..................#


You could see Duvessa.

Vanquished Creatures
  Grinder (D:3)
  Edmund (D:5)
  A sky beast (D:6)
  An eye of draining (D:3)
  An ice beast (D:5)
  2 bullfrogs (D:6)
  3 wights (D:6)
  A howler monkey (D:4)
  2 hounds
  2 orc priests
  Crazy Yiuf (D:5)
  3 orc wizards
  A worker ant (D:6)
  A hound skeleton (D:5)
  Robin (D:4)
  12 gnolls
  10 adders
  A howler monkey skeleton (D:5)
  A shadow imp (D:5)
  2 oozes
  6 worms
  2 dart slugs (D:1)
  6 leopard geckos
  23 orcs
  3 ball pythons
  6 bats
  3 giant cockroaches
  15 goblins
  12 hobgoblins
  9 jackals
  7 kobolds
  A quokka (D:3)
  5 frilled lizards
  A jackal skeleton (D:4)
  A leopard gecko zombie (D:5)
  A quokka zombie (D:5)
  6 rats
155 creatures vanquished.

Notes
Turn   | Place    | Note
-------+----------+-------------------------------------------
     0 | D:1      | Lenrir59 the Minotaur Berserker began the quest for the Orb.
     0 | D:1      | Reached XP level 1. HP: 19/19 MP: 0/0
    53 | D:1      | Reached skill level 4 in Axes
    53 | D:1      | Reached XP level 2. HP: 17/27 MP: 1/1
   516 | D:1      | Reached XP level 3. HP: 13/33 MP: 2/2
  1160 | D:2      | Found an iron altar of Okawaru.
  1275 | D:2      | Reached ** piety under Trog
  1819 | D:2      | Reached XP level 4. HP: 40/40 MP: 3/3
  2321 | D:3      | Reached skill level 1 in Stealth
  2438 | D:3      | Found a blossoming altar of Fedhas.
  2486 | D:3      | Reached skill level 5 in Axes
  2560 | D:3      | Noticed Grinder
  2563 | D:3      | Paralysed by Grinder for 3 turns
  2576 | D:3      | HP: 2/41 [Grinder/nerve-wracking pain (7)]
  2577 | D:3      | Killed Grinder
  2577 | D:3      | Reached skill level 1 in Shields
  2577 | D:3      | Reached XP level 5. HP: 3/47 MP: 4/4
  2577 | D:3      | Reached XP level 6. HP: 3/53 MP: 5/5
  2978 | D:3      | Found a shimmering altar of Xom.
  3037 | D:3      | Reached skill level 6 in Axes
  3186 | D:3      | Found a bloodstained altar of Trog.
  3462 | D:4      | Reached *** piety under Trog
  3514 | D:4      | Reached skill level 5 in Fighting
  3571 | D:4      | Noticed Robin
  3573 | D:4      | Reached XP level 7. HP: 59/61 MP: 6/6
  3579 | D:4      | Killed Robin
  4357 | D:4      | Reached **** piety under Trog
  4693 | D:5      | Entered Level 5 of the Dungeon
  4733 | D:5      | Found a staircase to the Ecumenical Temple.
  4849 | D:5      | Noticed Edmund
  4895 | D:5      | Killed Edmund
  4895 | D:5      | Reached skill level 7 in Axes
  5241 | D:5      | Found an iron altar of Okawaru.
  5242 | D:5      | Found a shadowy altar of Dithmenos.
  5246 | D:5      | Found a stormy altar of Qazlal.
  5278 | D:5      | Found a runed door.
  5282 | D:5      | Noticed Crazy Yiuf
  5300 | D:5      | Killed Crazy Yiuf
  5644 | D:5      | Reached XP level 8. HP: 69/70 MP: 7/7
  6041 | D:5      | Found a shattered altar of Ashenzari.
  6231 | Temple   | Entered the Ecumenical Temple
  6572 | D:6      | Received a gift from Trog
  6577 | D:6      | Reached skill level 5 in Armour
  6583 | D:6      | Reached skill level 1 in Maces & Flails
  6683 | D:6      | Reached skill level 8 in Axes
  6717 | D:6      | Reached skill level 5 in Shields
  6745 | D:6      | Noticed Dowan
  6746 | D:6      | Noticed Duvessa
  6772 | D:6      | HP: 2/71 [poisoned by Duvessa]
  6772 | D:6      | Mangled by Duvessa

Skill      XL: |  1  2  3  4  5  6  7  8 |
---------------+-------------------------+-----
Axes           | 4 5 6 7 8 |  8.2
Fighting       | 4 5 6 |  6.3
Stealth        | 1 2 |  2.1
Dodging        | 3 4 |  4.1
Armour         | 3 4 5 |  5.5
Shields        | 1 2 4 5 |  5.1
Maces & Flails | 1 |  1.6

Action                   |  1- 3 |  4- 6 |  7- 9 || total
-------------------------+-------+-------+-------++-------
Melee: Hand axe          |    84 |   129 |   324 ||   537
       Headbutt          |     9 |    23 |    67 ||    99
       Flail             |       |       |    14 ||    14
  Use: Scroll            |     8 |     4 |     5 ||    17
       Potion            |     5 |     1 |     5 ||    11
 Stab: Distracted        |       |       |     1 ||     1
       Sleeping          |       |       |     1 ||     1
  Eat: Chunk             |     3 |     1 |     4 ||     8
       Meat ration       |       |     1 |       ||     1
       Bread ration      |       |       |     2 ||     2
Armor: Animal skin       |    14 |       |       ||    14
       Chain mail        |    15 |    57 |    88 ||   160
       Leather armour    |       |       |    31 ||    31
Dodge: Dodged            |    44 |    37 |    81 ||   162
Block: Shield            |    27 |    49 |   130 ||   206
